 Dungeon Crawl Stone Soup version 0.30.1-1-g62c8e00024 (webtiles) character file.

Game seed: 1741856360127660671

8938 MiracleSuffusion the Bludgeoner (level 11, -2/109 (111) HPs)
             Began as a Minotaur Berserker on July 17, 2023.
             Was an Elder of Trog.
             Succumbed to a redback's poison
             ... on level 10 of the Dungeon.
             The game lasted 01:21:03 (13031 turns).

MiracleSuffusion the Bludgeoner (MiBe)             Turns: 13031, Time: 01:21:04

HP:   -2/109 (111)  AC: 10    Str: 27    XL:     11   Next: 16%
MP:   10/10         EV:  9    Int:  4    God:    Trog [****..]
Gold: 866           SH:  0    Dex:  9    Spells: 10/10 levels left

rFire   . . .        a - +1 mace (flame)
rCold   . . .        (no shield)
rNeg    . . .        d - +1 chain mail
rPois   .            (helmet restricted)
rElec   .            (no cloak)
rCorr   +            (no gloves)
SInv    .            j - +0 pair of boots
Will    +....        (no amulet) Stlth
                     i - ring of willpower
HPRegen 0.38/turn    A - ring of resist corrosion
MPRegen 0.12/turn

%: no passive effects
@: confused, lethally poisoned (-2 -> -86), about to teleport, ambrosia-drunk,
hasted, lightly drained, very quick
A: horns 2, retaliatory headbutt
a: Renounce Religion, Berserk, Trog's Hand, Brothers in Arms


You were on level 10 of the Dungeon.
You worshipped Trog.
Trog was greatly pleased with you.
You visited 1 branch of the dungeon, and saw 10 of its levels.

You collected 866 gold pieces.

Inventory:

Hand Weapons
 a - a +1 mace of flaming (weapon)
 m - a +3 heavy hand axe
 p - the +8 whip "Snakebite" {venom, curare, rPois}
   (You found it on level 10 of the Dungeon)

   rPois:     It protects you from poison.
 D - a +2 whip of electrocution
 L - a +3 dire flail
 P - a +4 flail of freezing
Missiles
 f - a throwing net
 g - 77 stones (quivered)
Armour
 d - a +1 chain mail (worn)
 j - a +0 pair of boots (worn)
 k - a +0 plate armour
 q - +0 acid dragon scales
 C - a +0 kite shield
Jewellery
 b - an amulet of reflection
 i - a ring of willpower (left hand)
 A - a ring of resist corrosion (right hand)
 H - a +4 ring of protection
Wands
 c - a wand of polymorph (1)
 e - a wand of roots (4)
 w - a wand of paralysis (19)
 B - a wand of flame (17)
 M - a wand of digging (2)
Scrolls
 n - 4 scrolls of magic mapping
 o - a scroll of enchant armour
 y - a scroll of brand weapon
 F - 2 scrolls of noise
 J - a scroll of enchant weapon
 K - a scroll of teleportation
 O - a scroll of silence
Potions
 h - a potion of flight {unknown}
 l - 2 potions of might
 r - 2 potions of cancellation
 s - a potion of haste
 u - 2 potions of degeneration
 v - a potion of lignification {unknown}
 x - 3 potions of brilliance
 z - a potion of ambrosia
 N - a potion of curing {unknown}
 Q - a potion of mutation {unknown}


   Skills:
 + Level 14.5 Fighting
 - Level 15.1 Maces & Flails
 - Level 1.0 Throwing
 - Level 2.4 Armour
 - Level 2.1 Dodging
 - Level 1.1 Stealth


You had 10 spell levels left.
You didn't know any spells.
Your spell library contained the following spells:

 Spells                   Type           Power      Damage    Failure   Level
 Sandblast                Erth           0%         2d4       95%         1
 Passwall                 Tmut/Erth      0%         N/A       99%         2
 Stone Arrow              Conj/Erth      0%         3d7       100%        3
 Manifold Assault         Tloc           0%         N/A       100%        4
 Dispersal                Tloc           0%         N/A       100%        6
 Disjunction              Tloc           0%         N/A       100%        8


Dungeon Overview and Level Annotations

Branches:
Dungeon (10/15)            Temple (0/1) D:5            Lair (0/5) D:9
    Orc: D:9-12

Altars:
Gozag
Hepliaklqana
Kikubaaqudgha
Nemelex Xobeh
Qazlal
Sif Muna
Trog
Xom
Yredelemnul
The Shining One

Shops:
D:1 ([   D:6 =

Annotations:
D:10 6 runed translucent doors


Innate Abilities, Weirdness & Mutations

You have a pair of horns on your head.
You reflexively headbutt those who attack you in melee.


Message History

The redback bites you!
You sock the redback! You burn the redback. You punch the redback.
The redback is heavily wounded.
The redback bites you!
You are poisoned.
The redback poisons you!
Throw: 77 stones
Press: ? - help, Q - select action, (/) - cycle Shift-Dir - straight line
Okay, then.
Throw: 77 stones
Press: ? - help, Q - select action, (/) - cycle Shift-Dir - straight line, f - redback
Aim: a redback (heavily wounded, 56% to hit)
Okay, then.
Okay, then.
Okay, then.
You feel yourself speed up.
You feel extremely sick. The redback attacks as you move away!
The redback bites you!
You are lethally poisoned!
The redback poisons you!
You feel extremely sick.
You see here a +2 hat of willpower.
The redback attacks as you move away! The redback bites you.
You feel extremely sick.
* * * LOW HITPOINT WARNING * * *
You feel extremely sick.
The jumping spider leaps!
Okay, then.
Okay, then.
As you read the scroll of teleportation, it crumbles to dust.
You feel strangely unstable.
* * * LOW HITPOINT WARNING * * *
You feel extremely sick. The redback bites you!
* * * LOW HITPOINT WARNING * * *
You are more poisoned.
The redback poisons you!
You are confused.
You feel invigorated.
You die...

..... ..... #.#...#. .....
...... ######.# ###.### ##
... ##### ..... ##...# ###
..... ##.#..# ##.##
.....###....####.#.# #
.....##..###..8#†#.## .#§
..........##.#.'@#..## +.+.
.........#####8##s[..# .+B+^
........###..#######†#..+.+k
.......## ##.# #...#
......#####.## #.#.#
.....####....# ##.##
.....###...#.# ##
.##...##..####
##...†##..#####


You could see a redback.

Vanquished Creatures
  A two-headed ogre (D:8)
  Maggie (D:7)
  A komodo dragon (D:10)
  A hornet (D:9)
  2 wraiths
  4 wyverns (D:9)
  8 yaks
  3 steam dragons
  2 vampire mosquitoes (D:10)
  A redback (D:10)
  An acid dragon (D:9)
  5 water moccasins
  2 orc warriors
  An ice beast (D:7)
  4 sky beasts
  2 ogres
  4 centaurs
  2 phantoms (D:6)
  2 kobold brigands (D:8)
  3 bullfrogs
  3 gnoll sergeants
  3 scorpions
  15 wights
  6 killer bees
  5 hounds
  3 gnoll boudas
  4 orc priests
  4 jellies
  A sleepcap (D:7)
  4 iguanas
  7 orc wizards
  21 gnolls
  8 adders
  2 shadow imps
  2 white imps
  An ufetubus (D:7)
  A worm (D:2)
  A dart slug (D:4)
  25 orcs
  8 ball pythons
  7 bats
  6 endoplasms
  4 giant cockroaches
  5 goblins
  11 hobgoblins
  17 kobolds
  4 quokkas
  5 frilled lizards
  7 rats
240 creatures vanquished.

Notes
Turn   | Place    | Note
-------+----------+-------------------------------------------
     0 | D:1      | MiracleSuffusion the Minotaur Berserker began the quest for
                  | the Orb.
     0 | D:1      | Reached XP level 1. HP: 19/19 MP: 0/0
    92 | D:1      | Reached skill level 4 in Maces & Flails
   123 | D:1      | Reached XP level 2. HP: 24/26 MP: 1/1
   348 | D:1      | Found Yllut's Antique Weapon Shoppe.
   495 | D:1      | Found Teewko's Armour Shoppe.
   797 | D:2      | Reached skill level 5 in Maces & Flails
   797 | D:2      | Reached XP level 3. HP: 31/31 MP: 2/2
   872 | D:2      | Reached ** piety under Trog
  1952 | D:3      | Found an opulent altar of Gozag.
  2124 | D:3      | Reached XP level 4. HP: 39/39 MP: 3/3
  2163 | D:3      | Found the +0 toga "Victory" {*Victory Clar}
  2256 | D:3      | Found an ancient bone altar of Kikubaaqudgha.
  2345 | D:3      | Found a basalt altar of Yredelemnul.
  2627 | D:4      | Reached skill level 6 in Maces & Flails
  2955 | D:4      | Reached skill level 1 in Stealth
  3068 | D:4      | Reached XP level 5. HP: 43/45 MP: 4/4
  3213 | D:4      | Found a sparkling altar of Nemelex Xobeh.
  3267 | D:4      | Reached skill level 7 in Maces & Flails
  3501 | D:5      | Entered Level 5 of the Dungeon
  3548 | D:5      | Reached XP level 6. HP: 51/51 MP: 5/5
  3556 | D:5      | Reached skill level 8 in Maces & Flails
  3776 | D:5      | Reached *** piety under Trog
  3832 | D:5      | Reached skill level 9 in Maces & Flails
  3863 | D:5      | Noticed a water moccasin
  3869 | D:5      | Killed a water moccasin
  3870 | D:5      | Reached XP level 7. HP: 57/57 MP: 6/6
  3915 | D:5      | Noticed a wraith
  3927 | D:5      | Killed a wraith
  3928 | D:5      | Reached skill level 10 in Maces & Flails
  4106 | D:5      | Found a staircase to the Ecumenical Temple.
  4724 | D:6      | Reached skill level 11 in Maces & Flails
  4958 | D:6      | Reached XP level 8. HP: 64/64 MP: 7/7
  5194 | D:6      | Found a shimmering altar of Xom.
  5197 | D:6      | Found an ancient bone altar of Kikubaaqudgha.
  5197 | D:6      | Found a hazy altar of Hepliaklqana.
  5214 | D:6      | Found a bloodstained altar of Trog.
  5214 | D:6      | Found a shimmering altar of Xom.
  5214 | D:6      | Found a shimmering blue altar of Sif Muna.
  5216 | D:6      | Reached skill level 12 in Maces & Flails
  5285 | D:6      | Found Fubiac's Jewellery Shop.
  5718 | D:7      | Noticed Maggie
  6032 | D:7      | Reached skill level 13 in Maces & Flails
  6121 | D:7      | Killed Maggie
  6122 | D:7      | Reached skill level 1 in Throwing
  6346 | D:7      | Reached skill level 14 in Maces & Flails
  6353 | D:7      | Reached XP level 9. HP: 70/70 MP: 8/8
  6969 | D:7      | Reached skill level 15 in Maces & Flails
  7362 | D:8      | Reached skill level 5 in Fighting
  7804 | D:8      | Noticed a two-headed ogre
  7807 | D:8      | Killed a two-headed ogre
  8063 | D:7      | HP: 2/82 [poisoned by a kobold brigand (curare-tipped
                  | dart)]
  8235 | D:8      | Reached XP level 10. HP: 82/90 MP: 9/9
  8991 | D:8      | Found a hazy altar of Hepliaklqana.
  9011 | D:8      | Found a glowing golden altar of the Shining One.
  9651 | D:8      | Found a stormy altar of Qazlal.
  9700 | D:8      | Reached skill level 10 in Fighting
 11220 | D:9      | Reached **** piety under Trog
 11406 | D:9      | Identified the +5 scale mail "Hioth" {Rampage Str+3 Int-3}
 11415 | D:9      | Reached XP level 11. HP: 97/97 MP: 10/10
 11583 | D:9      | Found a staircase to the Lair.
 12100 | D:10     | Entered Level 10 of the Dungeon
 12846 | D:10     | Found a runed translucent door.
 12849 | D:10     | Found the +8 whip "Snakebite" {venom, curare, rPois}
 13022 | D:10     | Found a runed translucent gate.
 13022 | D:10     | Found a runed translucent gate.
 13022 | D:10     | Found a runed translucent gate.
 13022 | D:10     | Found a runed translucent gate.
 13022 | D:10     | Found a runed translucent gate.
 13022 | D:10     | Found a runed translucent gate.
 13022 | D:10     | Noticed a boulder beetle
 13022 | D:10     | Noticed a lindwurm
 13022 | D:10     | Noticed a boulder beetle
 13031 | D:10     | Succumbed to a redback's poison

Illustrated notes

Levels and vault maps discovered:
D:1:      psy_arrival_conway, layout_loops_ring, serial_shops, shop, shop,
          minmay_three_crescents
D:2:      layout_basic, minmay_between
D:3:      layout_loops_ring, marbit_many_paths, mainiacjoe_overflow_24_doors,
          mainiacjoe_overflow_alcove_2
D:4:      layout_cave_pods, mainiacjoe_overflow_cross_hatched
D:5:      kennysheep_spiral_hall, layout_basic, minmay_temple_entry_offerings,
          serial_rivers, chequers_serial_rivers_large_b,
          chequers_serial_rivers_large_a, chequers_serial_rivers_micro_d,
          chequers_serial_rivers_micro_c, chequers_serial_rivers_room_a,
          chequers_serial_rivers_room_b
D:6:      layout_loops_ring, doesnt_xom_only_xom, serial_shops, shop,
          grunt_ministairs_11
D:7:      kb_forest_paths, layout_basic, minmay_misc_feat_chi,
          minmay_misc_feat_rugged, lightli_orcish_oven, uniq_maggie
D:8:      kennysheep_housing_project, layout_layer_cave, lemuel_round_altar,
          mainiacjoe_overflow_catwalk_spiral, ebering_dispersal_statue_hall,
          grunt_ministairs_8
D:9:      layout_irregular_city, minmay_lair_entry_grove, minmay_misc_feat_tower
D:10:     gammafunk_indiana_jones, layout_layer_cave

Skill      XL: |  1  2  3  4  5  6  7  8  9 10 11 |
---------------+----------------------------------+-----
Maces & Flails | 4 5 6 7 9 11 14 15 | 15.1
Stealth        | 1 |  1.1
Throwing       | 1 |  1.0
Fighting       | 8 13 14 | 14.5
Armour         | |  2.4
Dodging        | |  2.1

Action                     |  1- 3 |  4- 6 |  7- 9 | 10-12 || total
---------------------------+-------+-------+-------+-------++-------
  Melee: Mace              |   107 |    80 |   256 |   249 ||   692
         Headbutt          |    11 |    14 |    41 |    52 ||   118
         Punch             |       |     1 |     3 |     6 ||    10
  Throw: Dart              |       |     2 |       |     3 ||     5
         Stone             |       |       |       |     1 ||     1
         Throwing net      |       |       |       |     1 ||     1
 Invoke: Berserk           |     1 |     3 |     8 |     6 ||    18
         Trog's Hand       |       |       |     1 |     1 ||     2
  Evoke: Wand              |       |       |     2 |     1 ||     3
    Use: Scroll            |     4 |     7 |     4 |     8 ||    23
         Potion            |       |     2 |     4 |     4 ||    10
   Stab: Sleeping          |     1 |     1 |       |       ||     2
 Armour: Animal skin       |    21 |     3 |       |       ||    24
         Chain mail        |       |    62 |    97 |    97 ||   256
  Dodge: Dodged            |    77 |    28 |   104 |   110 ||   319
